 Dungeon Crawl Stone Soup version 0.22.0-6-g71bd7aa (webtiles) character file.

1368 asthiss the Carver (level 8, -8/68 HPs)
             Began as a Minotaur Fighter on Aug 14, 2018.
             Was a Follower of Okawaru.
             Killed by divine providence
             ... invoked by an orc priest
              (14 damage)
             ... on level 6 of the Dungeon.
             The game lasted 00:19:26 (4004 turns).

asthiss the Carver (Minotaur Fighter)               Turns: 4004, Time: 00:19:30

Health: -8/68      AC: 11    Str: 21    XL:     8   Next: 38%
Magic:  5/7        EV: 12    Int:  5    God:    Okawaru [*.....]
Gold:   281        SH: 12    Dex: 12    Spells: 7/7 levels left

rFire    + . .     SeeInvis .   a - +1 long sword
rCold    . . .     Gourm    .   c - +0 shield
rNeg     . . .     Faith    .   p - +2 ring mail {rF+}
rPois    .         Spirit   .   (helmet restricted)
rElec    .         Reflect  .   (no cloak)
rCorr    .         Harm     .   o - +0 pair of gloves
MR       .....                  (no boots)
Stlth    ++........             (no amulet)
HPRegen  0.21/turn              (no ring)
MPRegen  0.10/turn              (no ring)

@: lethally poisoned (-8 -> -13), heroism, drained
A: retaliatory headbutt, horns 2
a: Heroism, Renounce Religion


You were on level 6 of the Dungeon.
You worshipped Okawaru.
Okawaru was aware of your devotion.
You were not hungry.

You visited 2 branches of the dungeon, and saw 7 of its levels.

You collected 281 gold pieces.

Inventory:

Hand Weapons
 a - a +1 long sword (weapon)
Armour
 c - a +0 shield (worn)
 o - a +0 pair of gloves (worn)
 p - a +2 ring mail of fire resistance (worn)
Wands
 j - a wand of enslavement (11)
Scrolls
 e - 3 scrolls of remove curse
 g - 3 scrolls of identify
 i - 3 scrolls of teleportation
 k - 4 scrolls of enchant weapon
Potions
 d - a potion of curing
 h - 2 potions of brilliance
 m - a potion of ambrosia
 n - a potion of agility
Comestibles
 f - 12 rations


   Skills:
 + Level 5.3(10.2) Fighting
 * Level 9.2(14.2) Long Blades
 + Level 6.6(11.5) Armour
 - Level 0.1(5.0) Dodging
 - Level 0.1(5.1) Stealth
 + Level 6.2(11.2) Shields


You had 7 spell levels left.
You didn't know any spells.
Your spell library was empty.

Dungeon Overview and Level Annotations

Branches:
Dungeon (6/15)             Temple (1/1) D:5

Altars:
Ashenzari
Dithmenos
Kikubaaqudgha
Makhleb
Nemelex Xobeh
Okawaru
Qazlal
Ru
Sif Muna
Trog
Uskayaw
Vehumet
Wu Jian
Yredelemnul
The Shining One


Innate Abilities, Weirdness & Mutations

You reflexively headbutt those who attack you in melee.
You have a pair of horns on your head.


Message History

You completely miss the orc warrior. You block the worker ant's attack.
The orc hits you but does no damage.
The orc priest looks encouraged for a moment.
You closely miss the orc warrior. You block the worker ant's attack.
You block the orc warrior's attack. The orc hits you but does no damage.
The orc priest invokes the aid of Beogh against you.
Beogh smites you!
* * * LOW HITPOINT WARNING * * *
You barely miss the orc warrior. Your headbutt misses the orc warrior.
The worker ant bites you.
* * * LOW HITPOINT WARNING * * *
You are poisoned.
The worker ant poisons you! You block the orc warrior's attack.
You feel strangely stable.
You feel magically purged.
* * * LOW HITPOINT WARNING * * *
You feel sick.
The orc priest calls down the wrath of Beogh upon you.
Beogh smites you!
You die...

.... #...... ... ##.....
#.. #..... ####..######
#..... ##..........##
#..... #......o.....##
#..... ........o.....#
#####. ......oaoo....# #.
........@.....# #.
..............# #.
.........(....# #.
#............## ##
##............##########.
############............
#.....####...
#...##≈≈≈#≈#. #...#
≈≈≈≈≈#.


You could see an orc warrior, a worker ant, 3 orc priests and an orc.

Vanquished Creatures
  Sigmund (D:3)
  An ice beast (D:6)
  A hornet zombie (D:6)
  A centaur (D:4)
  A bullfrog (D:6)
  3 scorpions
  5 wights (D:6)
  A crimson imp (D:3)
  A hound (D:6)
  A jelly (D:5)
  2 orc priests
  3 orc wizards
  An iguana (D:4)
  4 worker ants
  Robin (D:3)
  3 gnolls (D:6)
  6 adders
  An ooze (D:3)
  An adder zombie (D:5)
  An adder skeleton (D:4)
  A worm (D:1)
  A dart slug (D:1)
  3 leopard geckos
  13 orcs
  5 bats
  10 goblins
  8 hobgoblins
  2 quokkas
  4 ball pythons
  6 frilled lizards (D:2)
  6 kobolds
  7 rats
105 creatures vanquished.

Notes
Turn   | Place    | Note
-------+----------+-------------------------------------------
     0 | D:1      | asthiss the Minotaur Fighter began the quest for the Orb.
     0 | D:1      | Reached XP level 1. HP: 19/19 MP: 0/0
   284 | D:1      | Reached XP level 2. HP: 23/27 MP: 1/1
   555 | D:2      | Reached XP level 3. HP: 31/33 MP: 2/2
   614 | D:2      | Reached skill level 3 in Long Blades
  1223 | D:3      | Reached XP level 4. HP: 40/40 MP: 3/3
  1266 | D:3      | Found a stormy altar of Qazlal.
  1313 | D:3      | Noticed Robin
  1327 | D:3      | Reached skill level 4 in Long Blades
  1341 | D:3      | Killed Robin
  1576 | D:3      | Noticed Sigmund
  1583 | D:3      | Killed Sigmund
  1583 | D:3      | Reached skill level 5 in Long Blades
  1583 | D:3      | Reached XP level 5. HP: 39/47 MP: 4/4
  1583 | D:3      | Reached XP level 6. HP: 45/53 MP: 5/5
  1879 | D:4      | Reached skill level 6 in Long Blades
  1897 | D:4      | Reached skill level 5 in Armour
  1907 | D:4      | Found a radiant altar of Vehumet.
  2003 | D:4      | Reached skill level 5 in Shields
  2175 | D:4      | Reached XP level 7. HP: 59/60 MP: 6/6
  2372 | D:5      | Entered Level 5 of the Dungeon
  2435 | D:5      | Reached skill level 7 in Long Blades
  2722 | D:5      | Found a staircase to the Ecumenical Temple.
  2733 | Temple   | Entered the Ecumenical Temple
  2831 | Temple   | Became a worshipper of Warmaster Okawaru
  3433 | D:5      | Found a basalt altar of Yredelemnul.
  3434 | D:5      | Found an ornate altar of the Wu Jian Council.
  3434 | D:5      | Found a shattered altar of Ashenzari.
  3521 | D:6      | Found an ancient bone altar of Kikubaaqudgha.
  3677 | D:6      | Reached skill level 8 in Long Blades
  3737 | D:6      | Reached skill level 5 in Fighting
  3737 | D:6      | Reached XP level 8. HP: 58/68 MP: 7/7
  3752 | D:6      | Found a glowing golden altar of the Shining One.
  3794 | D:6      | Reached * piety under Okawaru
  3854 | D:6      | Reached skill level 9 in Long Blades
  4004 | D:6      | Killed from afar by an orc priest

Skill      XL: |  1  2  3  4  5  6  7  8 |
---------------+-------------------------+-----
Armour         | 4 5 6 |  6.6
Fighting       | 4 5 |  5.3
Shields        | 4 5 6 |  6.2
Long Blades    | 3 5 6 8 9 |  9.2
Dodging        | |  0.1
Stealth        | |  0.1

Action                   |  1- 3 |  4- 6 |  7- 9 || total
-------------------------+-------+-------+-------++-------
Melee: Long sword        |   105 |    89 |   148 ||   342
       Headbutt          |     9 |    19 |    27 ||    55
Invok: Heroism           |       |       |     1 ||     1
  Use: Scroll            |     5 |     5 |     3 ||    13
       Potion            |     5 |     5 |     2 ||    12
  Eat: Ration            |     1 |       |     2 ||     3
       Chunk             |       |       |     1 ||     1
Armor: Scale mail        |    40 |    41 |    22 ||   103
       Ring mail         |       |       |    25 ||    25
Dodge: Dodged            |    26 |    34 |    28 ||    88
Block: Shield            |    57 |    45 |    83 ||   185
       Rpst.: Long sword |     6 |     9 |     9 ||    24
